 Dungeon Crawl Stone Soup version 0.21.0 (webtiles) character file.

77 Ghouzt the Skirmisher (level 4, 0/37 HPs)
             Began as a Demonspawn Abyssal Knight on Jan 7, 2018.
             Was a Follower of Lugonu.
             Succumbed to an adder's poison
             ... on level 2 of the Dungeon.
             The game lasted 00:06:16 (1663 turns).

Ghouzt the Skirmisher (Demonspawn Abyssal Knight)   Turns: 1663, Time: 00:06:18

Health: 0/37       AC:  3    Str: 13    XL:     4   Next: 13%
Magic:  5/5        EV: 11    Int: 13    God:    Lugonu [*.....]
Gold:   79         SH:  0    Dex: 13    Spells: 3/3 levels left

rFire    . . .     SeeInvis .   a - +1 short sword
rCold    . . .     Gourm    .   (no shield)
rNeg     . . .     Faith    .   b - +0 leather armour
rPois    .         Spirit   .   (no helmet)
rElec    .         Reflect  .   (no cloak)
rCorr    .         Harm     .   (no gloves)
MR       .....                  (no boots)
Stlth    +.........             (no amulet)
HPRegen  0.12/turn              (no ring)
MPRegen  0.09/turn              (no ring)

@: lethally poisoned (0 -> -12)
A: demonic guardian 1
a: Depart the Abyss, Renounce Religion


You were on level 2 of the Dungeon.
You worshipped Lugonu.
Lugonu was aware of your devotion.
You were hungry.

You visited 1 branch of the dungeon, and saw 2 of its levels.
You visited the Abyss 1 time.

You collected 79 gold pieces.

Inventory:

Hand Weapons
 a - a +1 short sword (weapon)
 f - a +0 whip
 m - a +0 hunting sling
Armour
 b - a +0 leather armour (worn)
 d - a +0 robe
Scrolls
 g - a scroll of remove curse
 i - a scroll of identify {unknown}
 j - a scroll of enchant armour {unknown}
Potions
 e - a potion of might {unknown}
 h - 4 potions of brilliance {unknown}
 l - a potion of curing {unknown}
Comestibles
 c - 3 rations
 k - 3 chunks of flesh


   Skills:
 + Level 3.7 Fighting
 + Level 2.4 Short Blades
 + Level 2.3 Armour
 + Level 1.5 Dodging
 + Level 0.4 Stealth
 + Level 2.6 Invocations


You had 3 spell levels left.
You didn't know any spells.

Dungeon Overview and Level Annotations

Branches:
Dungeon (2/15)

Altars:


Innate Abilities, Weirdness & Mutations

A weak demonic guardian rushes to your aid.


Message History

The adder is almost dead.
* * * LOW HITPOINT WARNING * * *
You feel sick. The adder barely misses you.
Your leather armour prevents you from hitting the adder.
The adder is almost dead.
* * * LOW HITPOINT WARNING * * *
You feel sick. The adder bites you.
* * * LOW HITPOINT WARNING * * *
You are more poisoned.
The adder poisons you!
Your leather armour prevents you from hitting the adder.
The adder is almost dead.
* * * LOW HITPOINT WARNING * * *
You feel sick. The adder barely misses you. x2
You hit the adder.
You kill the adder!
Lugonu accepts your kill.
You have reached level 4!
You feel agile.
You die...

### ### ## $
###8###8###8##
...###$...........##
..................8#
......†@..........#
....<.+#8###8##...#
..... ########...##
##.. #.....#8...⌠# #.
#.....##...## #
#.....##...# #...
#.....##...## #...
#.....#8...8#
#...######'##.##...##


There were no monsters in sight!

Vanquished Creatures
  2 adders (D:2)
  3 oozes
  2 dart slugs (D:1)
  A bat (D:1)
  2 giant cockroaches
  6 goblins
  9 hobgoblins
  2 jackals (D:1)
  4 frilled lizards
  2 kobolds (D:1)
  8 rats
41 creatures vanquished.

Notes
Turn   | Place    | Note
-------+----------+-------------------------------------------
     0 | Abyss:1  | Ghouzt the Demonspawn Abyssal Knight began the quest for the Orb.
     0 | Abyss:1  | Reached XP level 1. HP: 18/18 MP: 2/2
    45 | Abyss:1  | Noticed a large abomination
    45 | D:1      | Escaped the Abyss
   104 | D:1      | Reached * piety under Lugonu
   126 | D:1      | Gained mutation: A weak demonic guardian rushes to your aid. [demonic ancestry]
   126 | D:1      | Reached XP level 2. HP: 14/24 MP: 3/3
   469 | D:1      | Reached skill level 1 in Dodging
   694 | D:1      | Reached XP level 3. HP: 11/30 MP: 4/4
  1661 | D:2      | HP: 1/30 [adder (1)]
  1663 | D:2      | Reached XP level 4. HP: 1/37 MP: 5/5
  1663 | D:2      | Succumbed to an adder's poison

Skill      XL: |  1  2 |
---------------+-------+-----
Short Blades   | 2 |  2.4
Armour         | 2 |  2.3
Dodging        | 1 |  1.5
Fighting       | |  3.7
Stealth        | |  0.4
Invocations    | |  2.6

Action                   |  1- 3 |  4- 6 || total
-------------------------+-------+-------++-------
Melee: Short sword       |   160 |       ||   160
Invok: Depart the Abyss  |     1 |       ||     1
  Use: Scroll            |     1 |       ||     1
       Potion            |     1 |       ||     1
  Eat: Chunk             |     2 |       ||     2
Armor: Leather armour    |    51 |       ||    51
       Skin              |     4 |       ||     4
Dodge: Dodged            |    96 |       ||    96
